 Dungeon Crawl Stone Soup version 0.26.1-11-gd32895ea62 (webtiles) character file.

Game seed: 1969839762940886475

133 Zeld the Sneak (level 4, 0/22 HPs)
             Began as a Spriggan Brigand on June 5, 2021.
             Slain by an adder (2 damage)
             ... in a sewer.
             The game lasted 00:05:53 (4821 turns).

Zeld the Sneak (Spriggan Brigand)                   Turns: 4821, Time: 00:05:54

Health: 0/22       AC:  3    Str:  7    XL:     4   Next: 94%
Magic:  8/8        EV: 17    Int: 12    God:
Gold:   99         SH:  0    Dex: 18    Spells: 7/7 levels left

rFire    . . .     SeeInvis +   a - +2 dagger
rCold    . . .     Faith    .   (shield restricted)
rNeg     . . .     Spirit   .   b - +0 robe
rPois    .         Reflect  .   (helmet restricted)
rElec    .         Harm     .   c - +0 cloak
rCorr    .         Rampage  .   (gloves unavailable)
Will     .....                  (boots unavailable)
Stlth    ++........             (no amulet)
HPRegen  0.07/turn              (no ring)
MPRegen  0.11/turn              (no ring)

@: slow
A: very small, unfitting armour, see invisible, speed 3
a: no special abilities


You were in a sewer.
You visited 1 branch of the dungeon, and saw 3 of its levels.
You also visited: Sewer.

You collected 99 gold pieces.

Inventory:

Hand Weapons
 a - a +2 dagger (weapon)
Missiles
 e - a curare-tipped dart (quivered)
Armour
 b - a +0 robe (worn)
 c - a +0 cloak (worn)
Scrolls
 g - 3 scrolls of identify {unknown}
 h - 3 scrolls of magic mapping {unknown}
 j - 2 scrolls of immolation {unknown}
 k - a scroll of enchant armour {unknown}
 m - a scroll of amnesia {unknown}
Potions
 f - 2 potions of flight {unknown}
 i - a potion of mutation {unknown}


   Skills:
 - Level 1.5 Fighting
 * Level 3.8 Short Blades
 * Level 3.2 Throwing
 - Level 1.5 Dodging
 + Level 6.6 Stealth
 + Level 2.0 Spellcasting


You had 7 spell levels left.
You didn't know any spells.
Your spell library was empty.

Dungeon Overview and Level Annotations

Branches:
Dungeon (3/15)              Sewer (1/1)

Altars:
Trog

Annotations:
Sewer Purgy


Innate Abilities, Weirdness & Mutations

You are very small and have problems with some larger weapons.
You are too small for most types of armour.
You have supernaturally acute eyesight. (SInv)
You cover ground extremely quickly.


Message History

You closely miss the adder.
The adder is moderately wounded.
The adder bites you.
* * * LOW HITPOINT WARNING * * *
You enter the shallow water.
Moving in this stuff is going to be slow.
The adder completely misses you.
You hit the adder.
The adder is heavily wounded.
The adder misses you.
You barely miss the adder.
The adder is heavily wounded.
The adder bites you but does no damage. The frilled lizard barely misses you.
You hit the adder but do no damage.
The adder is heavily wounded.
The adder barely misses you. The frilled lizard bites you.
* * * LOW HITPOINT WARNING * * *
Your unstable footing causes you to fumble your attack.
The adder bites you.
You die...

#≈≈≈≈≈≈≈≈≈.# #≈#
#≈≈≈≈≈≈≈≈.## #≈#
#≈≈≈≈≈≈≈≈.# !.!
≈≈≈≈≈≈≈≈≈## ≈≈≈≈≈≈≈≈##
#≈≈≈≈≈≈(## #≈≈≈≈≈≈..#
#≈≈≈≈≈≈S## # ##≈≈≈≈≈l@#
# #≈≈≈≈≈≈≈≈### ###
≈≈≈≈≈≈≈≈≈≈≈## ### #.#
##≈≈≈≈≈≈≈≈≈.# ##.####≈.
#≈≈≈≈≈≈≈≈≈### #.∩∩.##≈≈
#≈≈≈≈≈≈≈≈≈≈.####≈≈≈..≈≈≈
#≈≈≈≈≈≈≈≈≈≈≈##..≈≈≈≈.≈≈≈
####≈≈≈≈≈≈≈≈.≈≈≈≈≈≈≈≈≈≈≈
#≈≈≈≈≈≈≈≈≈≈≈≈≈≈≈≈≈≈≈≈


You could see an adder and a frilled lizard.

Vanquished Creatures
  4 gnolls (D:2)
  An adder (D:2)
  An ooze (D:1)
  2 dart slugs (D:1)
  6 leopard geckos
  An orc (D:3)
  3 ball pythons
  2 giant cockroaches (D:1)
  11 goblins
  6 hobgoblins
  3 jackals (D:3)
  9 bats
  10 frilled lizards
  4 kobolds
  10 rats
73 creatures vanquished.

Notes
Turn   | Place    | Note
-------+----------+-------------------------------------------
     0 | D:1      | Zeld the Spriggan Brigand began the quest for the Orb.
     0 | D:1      | Reached XP level 1. HP: 10/10 MP: 2/2
   470 | D:1      | Reached XP level 2. HP: 14/14 MP: 3/3
   472 | D:1      | Reached skill level 6 in Stealth
   664 | D:1      | Reached skill level 1 in Spellcasting
   860 | D:1      | Reached XP level 3. HP: 16/18 MP: 5/5
  1520 | D:2      | Found a bloodstained altar of Trog.
  2773 | D:2      | Reached XP level 4. HP: 10/22 MP: 7/7
  4184 | D:3      | Found a glowing drain.
  4194 | Sewer    | Entered a sewer
  4721 | Sewer    | Noticed Purgy
  4820 | Sewer    | HP: 1/22 [frilled lizard (2)]
  4821 | Sewer    | Slain by an adder

Illustrated notes

Levels and vault maps discovered:
D:1:      dpeg_arrival_rooms_with_view, layout_basic
D:2:      layout_basic, overflow_temple_1_default
D:3:      layout_basic, portal_sewer_entry_f
Sewer:    sewer_co_purgy_island

Skill      XL: |  1  2  3  4 |
---------------+-------------+-----
Stealth        | 6 |  6.6
Spellcasting   | 1 2 |  2.0
Short Blades   | 3 |  3.8
Throwing       | 3 |  3.2
Fighting       | |  1.5
Dodging        | |  1.5

Action                   |  1- 3 |  4- 6 || total
-------------------------+-------+-------++-------
Melee: Dagger            |   160 |   101 ||   261
Throw: Dart              |       |    17 ||    17
       Throwing net      |       |     1 ||     1
 Stab: Sleeping          |     9 |     4 ||    13
       Distracted        |       |     1 ||     1
Armor: Robe              |    26 |    17 ||    43
Dodge: Dodged            |   130 |   138 ||   268
